 Dungeon Crawl Stone Soup version 0.21.1-1-g345015f (webtiles) character file.

4650 Heatsaber the Slicer (level 10, 0/44 HPs)
             Began as a Vine Stalker Necromancer on May 21, 2018.
             Was a Priest of Kikubaaqudgha.
             Slain by a yak (5 damage)
             ... on level 9 of the Dungeon.
             The game lasted 01:04:30 (7008 turns).

Heatsaber the Slicer (Vine Stalker Necromancer)     Turns: 7008, Time: 01:04:30

Health: 0/44       AC: 13    Str: 13    XL:     10   Next: 43%
Magic:  0/22       EV: 11    Int: 16    God:    Kikubaaqudgha [***...]
Gold:   324        SH:  0    Dex: 15    Spells: 1/24 levels left

rFire    . . .     SeeInvis .   m - +2 dagger (venom)
rCold    . . .     Gourm    .   (no shield)
rNeg     . . .     Faith    .   h - +0 ring mail
rPois    .         Spirit   +   (no helmet)
rElec    .         Reflect  .   (no cloak)
rCorr    .         Harm     .   (no gloves)
MR       +....                  E - +2 pair of boots {Stlth+}
Stlth    ++........             (no amulet)
HPRegen  0.54/turn              f - ring of wizardry
MPRegen  0.18/turn              H - +5 ring of protection

@: no status effects
A: fangs 3, regeneration 1, magic shield, antimagic bite, no potion heal 3, rot
immunity
a: Receive Corpses, Renounce Religion


You were on level 9 of the Dungeon.
You worshipped Kikubaaqudgha.
Kikubaaqudgha was most pleased with you.
You were hungry.

You visited 2 branches of the dungeon, and saw 10 of its levels.

You collected 526 gold pieces.
You spent 202 gold pieces at shops.

Inventory:

Hand Weapons
 m - a +2 dagger of venom (weapon)
Armour
 h - a +0 ring mail (worn)
 i - a +0 buckler
 E - a +2 pair of boots of stealth (worn)
Jewellery
 a - an uncursed ring of ice
 f - a ring of wizardry (left hand)
 n - an uncursed ring of protection from magic
 z - an uncursed ring of positive energy
 H - a +5 ring of protection (right hand)
Wands
 o - a wand of enslavement (11)
 A - a wand of polymorph (13)
 K - a wand of random effects (21)
 L - a wand of flame (26)
Scrolls
 l - 3 scrolls of teleportation
 r - 2 scrolls of random uselessness
 s - a scroll of magic mapping {unknown}
 t - 5 scrolls of enchant armour
 u - a scroll of fog {unknown}
 v - 3 scrolls of remove curse
 x - 2 scrolls of enchant weapon {unknown}
 y - a scroll of summoning {unknown}
 C - a scroll of immolation {unknown}
 F - 2 scrolls of identify
 G - 2 scrolls of amnesia
 I - 3 scrolls of blinking {unknown}
 J - a scroll of holy word {unknown}
Potions
 d - a potion of magic
 e - 3 potions of ambrosia
 g - a potion of lignification
 j - 3 potions of flight
 k - 2 potions of might
 q - 2 potions of curing
 B - a potion of invisibility
 N - a potion of brilliance {unknown}
Books
 b - a book of Necromancy

   Spells                             Type                      Level
   a - Pain                           Necromancy                   1
   b - Animate Skeleton               Necromancy                   1
   c - Vampiric Draining              Necromancy                   3
   d - Regeneration                   Charms/Necromancy            3
   e - Animate Dead                   Necromancy                   4
   f - Borgnjor's Vile Clutch         Necromancy/Earth             5
 p - a book of Misfortune

   Spells                             Type                      Level
   a - Confusing Touch                Hexes                        1
   b - Confuse                        Hexes                        3
   c - Gell's Gravitas                Translocation                3
   d - Petrify                        Transmutation/Earth          4
   e - Metabolic Englaciation         Hexes/Ice                    5
   f - Yara's Violent Unravelling     Hexes/Transmutation          5
 w - Kikubaaqudgha's Guide on Darkness
   (Kikubaaqudgha gifted it to you on level 8 of the Dungeon)

   Spells                             Type                      Level
   a - Bolt of Draining               Conjuration/Necromancy       5
   b - Borgnjor's Vile Clutch         Necromancy/Earth             5
   c - Agony                          Necromancy                   5
   d - Dispel Undead                  Necromancy                   5
   e - Simulacrum                     Ice/Necromancy               6
 D - Kikubaaqudgha's Tome of Unholy Arts
   (Kikubaaqudgha gifted it to you on level 6 of the Dungeon)

   Spells                             Type                      Level
   a - Animate Skeleton               Necromancy                   1
   b - Pain                           Necromancy                   1
   c - Sublimation of Blood           Necromancy                   2
   d - Regeneration                   Charms/Necromancy            3
 M - a book of Cantrips

   Spells                             Type                      Level
   a - Confusing Touch                Hexes                        1
   b - Animate Skeleton               Necromancy                   1
   c - Summon Small Mammal            Summoning                    1
   d - Apportation                    Translocation                1
Comestibles
 c - 11 rations


   Skills:
 - Level 0.3 Fighting
 * Level 9.5 Short Blades
 - Level 1.7 Dodging
 - Level 2.4 Stealth
 + Level 7.9 Spellcasting
 + Level 8.6 Necromancy


You had one spell level left.
You knew the following spells:

 Your Spells              Type           Power        Failure   Level  Hunger
a - Pain                  Necr           ####         1%          1    None
b - Animate Skeleton      Necr           N/A          1%          1    None
c - Vampiric Draining     Necr           ####......   1%          3    ##.....
d - Regeneration          Chrm/Necr      ###.......   4%          3    ##.....
e - Animate Dead          Necr           N/A          2%          4    ####...
f - Simulacrum            Ice/Necr       ###.......   91%         6    #######
g - Agony                 Necr           ####....     8%          5    #####..


Dungeon Overview and Level Annotations

Branches:
Dungeon (9/15)             Temple (1/1) D:5
   Lair: D:8-11         Orc: D:9-12

Altars:
Ashenzari
Cheibriados
Dithmenos
Elyvilon
Fedhas
Gozag
Hepliaklqana
Kikubaaqudgha
Makhleb
Nemelex Xobeh
Okawaru
Qazlal
Ru
Sif Muna
Trog
Uskayaw
Vehumet
Wu Jian
Xom
Yredelemnul
Zin
The Shining One

Shops:
D:7 %   D:8 **=*

Annotations:
D:5 1 exclusion


Innate Abilities, Weirdness & Mutations

You have razor-sharp teeth.
Your natural rate of healing is unusually fast.
When hurt, damage is shared between your health and your magic reserves.
Your bite disrupts and absorbs the magic of your enemies.
Potions cannot restore your health.
You are immune to rotting.


Message History

Aim: a yak (lightly wounded)
The yak is moderately wounded.
You feel life coursing into your body. The yak gores you. x2
The yak snorts and paws the ground.
Casting: Vampiric Draining
Confirm with . or Enter, or press ? or * to list all spells.
Aiming: Vampiric Draining
Press: ? - help, Shift-Dir - straight line, f/p - yak
Aim: a yak (moderately wounded)
The yak is severely wounded.
You feel life coursing into your body. The yak misses you. The yak gores you.
You hit the yak.
You kill the yak!
Kikubaaqudgha accepts your kill. The yak gores you but does no damage.
The yak gores you. The yak gores you!
* * * LOW HITPOINT WARNING * * *
The yak gores you.
You die...
Kikubaaqudgha rasps: "You have failed me!
Welcome... death!"

+.......##
#........#
#........#
........
#.....#
#.....#
#...<.#
#####.#
#.Y@#
#..YY......
#...#######
#...# #...#
#####


You could see 3 yaks.

Vanquished Creatures
  A centaur warrior (D:8)
  A centaur zombie (D:7)
  Psyche (D:8)
  A hippogriff (D:8)
  A wyvern (D:8)
  2 yaks (D:9)
  2 water moccasins
  2 ice beasts
  An orc warrior (D:7)
  2 sky beasts
  A phantom (D:7)
  2 ogres (D:7)
  2 centaurs
  A crocodile (D:7)
  A big kobold (D:7)
  2 bullfrogs
  3 wights
  2 howler monkeys (D:8)
  3 crimson imps
  5 hounds
  A bullfrog zombie (D:8)
  3 jellies
  7 orc wizards
  3 orc priests
  3 bullfrog skeletons
  3 iguanas
  4 worker ants
  A killer bee zombie (D:7)
  8 adders
  2 howler monkey skeletons
  An ooze (D:1)
  2 adder zombies
  An adder skeleton (D:4)
  A worm (D:2)
  9 dart slugs
  6 leopard geckos
  14 orcs
  8 bats
  4 giant cockroaches
  7 goblins
  4 hobgoblins
  9 jackals
  9 kobolds
  4 quokkas
  4 frilled lizards
  A jackal skeleton (D:6)
  A quokka zombie (D:7)
  4 rats
160 creatures vanquished.

Vanquished Creatures (collateral kills)
  A centaur (D:8)
  A crimson imp (D:5)
  A worker ant (D:6)
  A hound zombie (D:6)
  3 dart slugs
  A leopard gecko (D:7)
8 creatures vanquished.

Vanquished Creatures (others)
  4 plants (D:7)
4 creatures vanquished.

Grand Total: 172 creatures vanquished

Notes
Turn   | Place    | Note
-------+----------+-------------------------------------------
     0 | D:1      | Heatsaber the Vine Stalker Necromancer began the quest for the Orb.
     0 | D:1      | Reached XP level 1. HP: 9/9 MP: 4/4
   414 | D:1      | Reached XP level 2. HP: 3/14 MP: 3/6
   417 | D:1      | Learned a level 1 spell: Animate Skeleton
  1014 | D:1      | Reached XP level 3. HP: 16/17 MP: 3/7
  1025 | D:1      | Learned a level 3 spell: Vampiric Draining
  1815 | D:2      | Found a snail-covered altar of Cheibriados.
  1877 | D:2      | Reached skill level 1 in Short Blades
  2074 | D:2      | Found a glowing golden altar of the Shining One.
  2172 | D:3      | Gained mutation: Your natural rate of healing is unusually fast. [Vine Stalker growth]
  2172 | D:3      | Reached XP level 4. HP: 20/21 MP: 3/9
  2721 | D:3      | Learned a level 3 spell: Regeneration
  2915 | D:4      | Reached skill level 2 in Short Blades
  2915 | D:4      | Reached XP level 5. HP: 22/25 MP: 3/10
  3307 | D:5      | Entered Level 5 of the Dungeon
  3307 | D:5      | Noticed a sky beast
  3381 | D:5      | Reached skill level 5 in Necromancy
  3402 | D:5      | Reached skill level 3 in Short Blades
  3402 | D:5      | Reached XP level 6. HP: 29/29 MP: 12/12
  3468 | D:5      | Killed a sky beast
  3477 | D:5      | Learned a level 4 spell: Animate Dead
  3555 | D:5      | Reached XP level 7. HP: 26/32 MP: 3/14
  3580 | D:5      | Reached skill level 4 in Short Blades
  3654 | D:5      | Found a staircase to the Ecumenical Temple.
  3670 | Temple   | Entered the Ecumenical Temple
  3745 | Temple   | Became a worshipper of Kikubaaqudgha
  4043 | D:5      | Found a hide-covered altar of Uskayaw.
  4706 | D:6      | Reached * piety under Kikubaaqudgha
  4706 | D:6      | Identified Kikubaaqudgha's Tome of Unholy Arts (Kikubaaqudgha gifted it to you on level 6 of the Dungeon)
  4706 | D:6      | Received a gift from Kikubaaqudgha
  4706 | D:6      | Reached skill level 5 in Short Blades
  4706 | D:6      | Gained mutation: You have razor-sharp teeth. [Vine Stalker growth]
  4706 | D:6      | Reached XP level 8. HP: 31/37 MP: 13/16
  4771 | D:6      | Found a shattered altar of Ashenzari.
  4939 | D:6      | Reached skill level 5 in Spellcasting
  5504 | D:7      | Reached skill level 6 in Short Blades
  5652 | D:7      | Reached XP level 9. HP: 40/40 MP: 17/19
  5668 | D:7      | Reached skill level 7 in Short Blades
  5767 | D:7      | Found a sparkling altar of Nemelex Xobeh.
  5767 | D:7      | Found a hazy altar of Hepliaklqana.
  5825 | D:7      | Found Xyaroibb's Food Shoppe.
  5884 | D:7      | Reached ** piety under Kikubaaqudgha
  6328 | D:8      | Noticed Psyche
  6332 | D:8      | Killed Psyche
  6332 | D:8      | Reached skill level 8 in Short Blades
  6338 | D:8      | Found Cititopt's Assorted Antiques.
  6356 | D:8      | Noticed a centaur warrior
  6374 | D:8      | Killed a centaur warrior
  6374 | D:8      | Reached XP level 10. HP: 16/44 MP: 3/22
  6390 | D:8      | Reached skill level 9 in Short Blades
  6420 | D:8      | Found a radiant altar of Vehumet.
  6567 | D:8      | Found a deep blue altar of Sif Muna.
  6648 | D:8      | Found Zomaid's Jewellery Boutique.
  6868 | D:8      | Reached *** piety under Kikubaaqudgha
  6868 | D:8      | Identified Kikubaaqudgha's Guide on Darkness (Kikubaaqudgha gifted it to you on level 8 of the Dungeon)
  6868 | D:8      | Received a gift from Kikubaaqudgha
  6894 | D:8      | Learned a level 6 spell: Simulacrum
  6900 | D:8      | Learned a level 5 spell: Agony
  6915 | D:8      | Found Cishronk's General Store.
  6945 | D:8      | Found Kiapp's General Store.
  6948 | D:8      | Bought a scroll of enchant armour for 82 gold pieces
  6948 | D:8      | Bought a scroll of amnesia for 38 gold pieces
  6948 | D:8      | Bought a scroll of enchant armour for 82 gold pieces
  7008 | D:9      | Slain by a yak

Skill      XL: |  1  2  3  4  5  6  7  8  9 10 |
---------------+-------------------------------+-----
Short Blades   | 1 2 3 5 6 8 9 |  9.5
Spellcasting   | 3 4 6 7 |  7.9
Necromancy     | 5 6 7 8 |  8.6
Fighting       | |  0.3
Dodging        | |  1.7
Stealth        | |  2.4

Action                   |  1- 3 |  4- 6 |  7- 9 | 10-12 || total
-------------------------+-------+-------+-------+-------++-------
Melee: Unarmed           |     5 |       |       |       ||     5
       Bite              |     9 |    23 |   114 |    29 ||   175
       Club              |    15 |       |       |       ||    15
       Dagger            |    16 |    93 |   405 |    91 ||   605
 Cast: Pain              |    42 |    18 |    17 |     9 ||    86
       Vampiric Draining |     6 |     6 |    15 |    10 ||    37
       Animate Skeleton  |     3 |     8 |    23 |     2 ||    36
       Animate Dead      |       |     1 |     6 |     1 ||     8
       Regeneration      |       |     1 |       |       ||     1
       Agony             |       |       |       |     1 ||     1
  Use: Scroll            |       |       |    12 |     1 ||    13
 Stab: Sleeping          |     3 |     1 |     4 |     1 ||     9
       Distracted        |       |     1 |     2 |       ||     3
  Eat: Chunk             |     2 |     5 |    12 |     2 ||    21
       Ration            |     1 |       |       |       ||     1
Armor: Robe              |     3 |       |       |       ||     3
       Ring mail         |    19 |    26 |   132 |    29 ||   206
Dodge: Dodged            |    43 |    46 |   152 |    38 ||   279
